 Dungeon Crawl Stone Soup version 0.17-a0-802-g1f09329 (webtiles) character file.

46 Hanyuu the Insei (level 3, -2/23 HPs)
             Began as an Octopode Transmuter on Apr 26, 2015.
             Slain by an adder (3 damage)
             ... on level 2 of the Dungeon.
             The game lasted 00:01:36 (926 turns).

Hanyuu the Insei (Octopode Transmuter)               Turns: 926, Time: 00:01:37

Health: -2/23      AC:  1    Str: 14    XL:     3   Next: 68%
Magic:  6/6        EV: 12    Int: 16    God:
Gold:   0          SH:  0    Dex: 12    Spells: 3 memorised, 0 levels left

rFire  . . .     SeeInvis .       - Unarmed
rCold  . . .     Clarity  .     (no shield)
rNeg   . . .     SustAb   .     (helmet restricted)
rPois  .         Gourm    .     (no amulet)
rElec  .         Spirit   .     (no ring)
rCorr  .         Warding  .     (no ring)
rMut   .         Stasis   .     (no ring)
MR     .....                    (no ring)
Stlth  ++........               (no ring)
                                (no ring)
                                (no ring)
                                (no ring)

@: mighty, lethally poisoned (-2 -> -10), not resistant to hostile enchantments,
unstealthy
A: almost no armour, amphibious, 8 rings, constrict 8, camouflage 1, gelatinous
body 1
a: no special abilities


You were on level 2 of the Dungeon.
You were not hungry.

You visited 1 branch of the dungeon, and saw 2 of its levels.

Inventory:

Missiles
 a - 40 arrows
Scrolls
 d - a scroll of identify {unknown}
 e - a scroll of remove curse {unknown}
 h - a scroll of amnesia {unknown}
Potions
 g - a potion of mutation {unknown}
 i - a potion of might
 j - a potion of curing {unknown}
 l - a potion of heal wounds {unknown}
Books
 b - a book of Changes

   Spells                             Type                      Level
   a - Beastly Appendage              Transmutation                1
   b - Sticks to Snakes               Transmutation                2
   c - Spider Form                    Transmutation/Poison         3
   d - Ice Form                       Ice/Transmutation            4
   e - Blade Hands                    Transmutation                5
Comestibles
 c - a bread ration
 f - 2 meat rations
 k - 4 fruits
 m - a chunk of flesh


   Skills:
 - Level 1.0 Fighting
 - Level 2.0 Dodging
 + Level 4.5 Unarmed Combat
 - Level 2.0 Spellcasting
 - Level 2.0 Transmutations


You couldn't memorise any spells.
You knew the following spells:

 Your Spells              Type           Power        Failure   Level  Hunger
a - Beastly Appendage     Trmt           #.....       10%         1    #......
b - Sticks to Snakes      Trmt           #.........   14%         2    ###....
c - Spider Form           Trmt/Pois      #.........   38%         3    ###....


Dungeon Overview and Level Annotations

Branches:
Dungeon (2/15)

Altars:


Innate Abilities, Weirdness & Mutations

You cannot wear most types of armour.
You are amphibious.
You can wear up to eight rings at the same time.
You can use your tentacles to constrict eight enemies at once.
Your skin changes colour to match your surroundings (Stealth).
Your rubbery body absorbs attacks (AC +1).


Message History

You feel sick.
You tentacle-slap the quokka but do no damage.
Your grab misses the quokka.
The quokka is moderately wounded.
The quokka bites you but does no damage.
You tentacle-slap the quokka.
You kill the quokka!
* * * LOW HITPOINT WARNING * * *
You feel sick.
Drink which item? (? for menu, Esc to quit)
It was a potion of might.
You feel very mighty all of a sudden. The adder closely misses you.
You closely miss the adder. Your grab misses the adder. You squeeze the adder!
The adder is severely wounded.
* * * LOW HITPOINT WARNING * * *
You feel sick. The adder bites you.
* * * LOW HITPOINT WARNING * * *
The adder bites you.
You die...

...# ..... ########
......######......#
......< ...##.....<###
....... #.##......#.##
..(....###............# .
........#@..##........# ..
........S.#.####.##...#..#
......#####.####.##.#...#
.## ##.##..รท...<...#
##..........##.##
#............# #
.##.........# #.##...#.##
#. ###.#.#


You could see an adder.

Vanquished Creatures
  An adder (D:2)
  A gnoll (D:1)
  A giant gecko (D:1)
  2 giant cockroaches (D:1)
  4 goblins (D:1)
  4 hobgoblins (D:1)
  2 kobolds (D:1)
  A quokka (D:2)
  A ball python (D:1)
  A bat (D:1)
  4 giant newts (D:1)
  4 rats (D:1)
26 creatures vanquished.

Notes
Turn   | Place    | Note
--------------------------------------------------------------
     0 | D:1      | Hanyuu, the Octopode Transmuter, began the quest for the Orb.
     0 | D:1      | Reached XP level 1. HP: 13/13 MP: 3/3
    95 | D:1      | Reached XP level 2. HP: 8/18 MP: 5/5
   597 | D:1      | Reached skill level 4 in Unarmed Combat
   678 | D:1      | Reached XP level 3. HP: 17/23 MP: 6/6
   682 | D:1      | Learned a level 2 spell: Sticks to Snakes
   686 | D:1      | Learned a level 3 spell: Spider Form
   926 | D:2      | HP: 1/23 [adder (3)]
   926 | D:2      | Slain by an adder

Action                   || total
-------------------------++-------
Melee: Unarmed           ||    67
  Use: Potion            ||     1
 Stab: Sleeping          ||     2
